 Dungeon Crawl Stone Soup version 0.30-a0-367-g839099abd5 (webtiles) character file.

Game seed: 6465627309319957126

31031 Bnni the Impaler (level 13, -2/106 (111) HPs)
             Began as a Formicid Fighter on Nov 18, 2022.
             Was a Believer of Yredelemnul.
             Killed from afar by Frances (30 damage)
             ... with a shard of ice
             ... on level 14 of the Dungeon.
             The game lasted 00:28:49 (12329 turns).

Bnni the Impaler (Formicid Fighter)                Turns: 12329, Time: 00:28:50

HP:   -2/106 (111)  AC: 31    Str: 24    XL:     13   Next: 93%
MP:   14/20         EV:  6    Int: 14    God:    Yredelemnul [**....]
Gold: 1024          SH:  6    Dex: 19    Spells: 12/12 levels left

rFire   . . .      SeeInvis +    o - +7 staff of the Meek {protect, meekguard}
rCold   . . .      Faith    .    c - +0 buckler
rNeg    . . .      Spirit   .    F - +0 plate armour
rPois   +          Reflect  .    (helmet unavailable)
rElec   .          Harm     .    t - +0 cloak
rCorr   .          Rampage  .    (no gloves)
Will    +....                    l - +0 pair of boots
Stlth   ..........               G - amulet of regeneration
HPRegen 1.17/turn                D - ring "Cimi" {rPois Str-3 Int+7 Dex+6}
MPRegen 0.17/turn                I - +4 ring of protection

@: under a protective aura, lightly drained
A: permanent stasis, dig shafts and tunnels, antennae 3, four strong arms
a: Dig, Shaft Self, Renounce Religion, Recall Undead Harvest, Dark Bargain


You were on level 14 of the Dungeon.
You worshipped Yredelemnul.
Yredelemnul was aware of your devotion.
You visited 1 branch of the dungeon, and saw 14 of its levels.

You collected 1024 gold pieces.

Inventory:

Hand Weapons
 k - a +0 vorpal glaive
 m - a +2 halberd of flaming
 o - the +7 staff of the Meek (weapon) {protect, meekguard}
   (You found it on level 12 of the Dungeon)

   It grants its wielder temporary protection when it strikes (+7 to AC).
   It provides extra protection to wielders with little health.
Missiles
 v - 20 poisoned darts (quivered)
Armour
 c - a +0 buckler (worn)
 l - a +0 pair of boots (worn)
 t - a +0 cloak (worn)
 F - a +0 plate armour (worn)
 S - a +0 kite shield
Jewellery
 a - a ring of protection from fire
 D - the ring "Cimi" (left hand) {rPois Str-3 Int+7 Dex+6}
   (You found it on level 5 of the Dungeon)

   [ring of dexterity]

   Str:       It affects your strength (-3).
   Int:       It affects your intelligence (+7).
   Dex:       It affects your dexterity (+6).
   rPois:     It protects you from poison.
 G - an amulet of regeneration (around neck)
 I - a +4 ring of protection (right hand)
 K - a ring of protection from fire
 R - a ring of positive energy
Wands
 b - a wand of iceblast (10)
 s - a wand of flame (7)
 L - a wand of quicksilver (1)
Scrolls
 g - 5 scrolls of fear {unknown}
 i - 3 scrolls of magic mapping {unknown}
 n - 3 scrolls of enchant armour {unknown}
 p - 3 scrolls of amnesia {unknown}
 w - 3 scrolls of torment {unknown}
 x - 2 scrolls of poison
 C - 2 scrolls of enchant weapon {unknown}
 E - a scroll of acquirement {unknown}
 M - a scroll of silence
Potions
 d - a potion of ambrosia
 e - 2 potions of magic
 f - 6 potions of attraction
 h - 6 potions of curing
 j - 4 potions of flight
 q - a potion of resistance
 r - 2 potions of lignification
 z - 3 potions of mutation
 A - 3 potions of berserk rage {unknown}
 B - 3 potions of cancellation {unknown}
 H - 2 potions of invisibility {unknown}
 O - 2 potions of brilliance {unknown}
 P - a potion of degeneration {unknown}
Miscellaneous
 J - a phantom mirror (inert)


   Skills:
 + Level 13.4 Fighting
 * Level 16.8 Polearms
 - Level 3.2 Armour
 + Level 6.7 Shields
 + Level 10.5 Invocations


You had 12 spell levels left.
You didn't know any spells.
Your spell library contained the following spells:

 Spells                   Type           Power      Damage    Failure   Level
 Magic Dart               Conj           0%         1d3       99%         1
 Cigotuvi's Dreadful Rot  Necr/Pois/Air  0%         N/A       100%        2
 Searing Ray              Conj           0%         2d4       100%        2
 Hailstorm                Conj/Ice       0%         3d3       100%        3
 Dispel Undead            Necr           0%         3d6       100%        4
 Fulminant Prism          Conj/Hex       0%         3d5       100%        4
 Ice Form                 Ice/Tmut       0%         N/A       100%        4
 Summon Lightning Spire   Summ/Air       0%         N/A       100%        4
 Summon Forest            Summ/Tloc      0%         N/A       100%        5
 Summon Mana Viper        Hex/Summ       0%         N/A       100%        5
 Eringya's Noxious Bog    Tmut/Pois      0%         N/A       100%        6
 Summon Cactus Giant      Summ           0%         N/A       100%        6
 Storm Form               Tmut/Air       0%         N/A       100%        7
 Summon Hydra             Summ           0%         N/A       100%        7
 Maxwell's Capacitive Co  Air            0%         ∞         100%        8
 Chain Lightning          Conj/Air       0%         N/A       100%        9
 Fire Storm               Conj/Fire      0%         5d1       100%        9
 Shatter                  Erth           0%         3d5*      100%        9
 Death Channel            Necr           Unusable   N/A       N/A         6
 Simulacrum               Ice/Necr       Unusable   N/A       N/A         6

Dungeon Overview and Level Annotations

Branches:
Dungeon (14/15)            Temple (0/1) D:7            Lair (0/5) D:8
    Orc (0/2) D:9
 Vaults: D:13-14

Altars:
Ashenzari
Fedhas
Gozag
Okawaru
Vehumet
Wu Jian
Yredelemnul

Shops:
D:1 [[(:

Annotations:
D:14 Frances


Innate Abilities, Weirdness & Mutations

You cannot be hasted, slowed, berserked, paralysed or teleported.
You can dig through walls and to a lower floor.
You have a pair of large antennae on your head. (SInv)
Your four strong arms can wield two-handed weapons with a shield.


Message History

Frances is lightly wounded.
Frances takes a defensive stance.
Frances hits you with a +0 short sword!
You hit Frances.
Frances is lightly wounded.
Frances hits you but does no damage.
You closely miss Frances.
Frances is lightly wounded.
Your boggart zombie hits Frances but does no damage.
Frances hits you with a +0 short sword!
You sock Frances!
Frances is lightly wounded.
Your boggart zombie closely misses Frances.
Unknown command.
You barely miss Frances.
Frances is lightly wounded.
Frances hits you with a +0 short sword!
Unknown command.
You hit Frances.
Frances is lightly wounded.
Your boggart zombie hits Frances but does no damage.
Frances hits you with a +0 short sword.
* * * LOW HITPOINT WARNING * * *
Unknown command.
You feel better.
Your boggart zombie completely misses Frances.
Frances says, "There is a strange beauty in the demonic, don't you think?"
Frances hits you but does no damage.
You sock Frances!
Frances is moderately wounded.
Your boggart zombie hits Frances but does no damage.
Frances hits you with a +0 short sword!!
* * * LOW HITPOINT WARNING * * *
Unknown command.
You feel better.
Your boggart zombie hits Frances but does no damage.
Frances whispers indecipherable words.
The shard of ice hits you!!
You die...
Your body rises from the dead as a mindless zombie.

##Z##≈# .... ##.###≈#
.... #.#.##≈# ..#
##.)##≈# ... ##.##.###
#.# #......## #.#
#.#......
.##.###Z########......#.
.....D@@Z...>....#.#....
###.####Z#######.#......
##.## #Z#Z..... { #...#
#Z#Z.#.#. ## #..(#
#.Z{Z.... .# #...#
####.#### .# #########
#...# ##Z# .# #≈≈≈#≈≈≈#
#...# #..#
W###############...####
####


You could see Frances (possessable, ally target), a five-headed hydra, a
friendly boggart zombie, a friendly orc wizard zombie and a friendly tengu
warrior zombie.

Vanquished Creatures
  Kirke (D:12)
  Nessos (D:12)
  3 centaur warriors
  A catoblepas (D:13)
  2 boulder beetles (D:11)
  2 two-headed ogres
  2 tengu warriors
  An ugly thing (D:13)
  4 cyclopes
  A manticore (D:13)
  Maurice (D:8)
  An elephant (D:8)
  A cane toad (shapeshifter) (D:13)
  A gargoyle (D:10)
  An unseen horror (D:11)
  3 kobold demonologists
  A tengu conjurer (D:13)
  A komodo dragon (D:11)
  4 trolls
  7 slime creatures (D:14)
  4 yaks
  2 shadows
  A hog (D:12)
  2 vampires
  3 wyverns
  7 wraiths
  Grum (D:8)
  4 vampire mosquitoes
  Menkaure (D:4)
  3 steam dragons
  A water moccasin (D:7)
  Duvessa (D:7)
  3 orc warriors
  4 ice beasts
  3 black bears
  A sky beast (D:4)
  An ogre (D:6)
  3 wolves (D:8)
  5 boggarts (D:14)
  3 centaurs
  2 phantoms
  A kobold brigand (D:9)
  2 bullfrogs
  A necrophage (D:5)
  A gnoll sergeant (D:9)
  2 scorpions
  7 wights
  8 killer bees
  2 vampire bats (D:3)
  4 howler monkeys
  2 hounds
  3 gnoll boudas
  2 jellies
  Crazy Yiuf (D:2)
  7 orc priests
  Terence (D:2)
  5 iguanas
  10 orc wizards
  6 adders
  25 gnolls
  2 shadow imps (D:6)
  3 white imps (D:6)
  An ufetubus (D:6)
  3 dart slugs
  52 orcs
  4 ball pythons
  5 endoplasms
  2 giant cockroaches
  6 goblins
  5 hobgoblins
  6 jackals
  2 quokkas
  10 bats
  3 frilled lizards
  4 kobolds
  5 rats
297 creatures vanquished.

Vanquished Creatures (collateral kills)
  Rupert (D:13)
  2 vault guards (D:14)
  A centaur warrior (D:14)
  A two-headed ogre (D:10)
  2 cyclopes
  2 manticores (D:11)
  A kobold demonologist (D:9)
  A tengu conjurer (D:14)
  A human zombie (D:14)
  2 slime creatures
  A basilisk (D:14)
  3 vampire mosquitoes (D:14)
  2 yaks (D:10)
  An acid dragon (D:11)
  Dowan (D:7)
  2 killer bees (D:11)
  A howler monkey (D:8)
  5 orcs
30 creatures vanquished.

Vanquished Creatures (others)
  A two-headed ogre zombie (D:13)
  A manticore zombie (D:11)
  A vampire mosquito zombie (D:14)
  A komodo dragon zombie (D:11)
  A wyvern zombie (D:9)
  A water moccasin zombie (D:7)
  A yak zombie (D:8)
  A centaur zombie (D:8)
  A kobold zombie (D:9)
  A scorpion zombie (D:7)
  3 killer bee zombies
  A human zombie (D:8)
  An ice beast zombie (D:7)
  2 gnoll zombies
  A shadow imp (D:8)
  12 orc zombies
  A spectral orc (D:10)
31 creatures vanquished.

Grand Total: 358 creatures vanquished

Notes
Turn   | Place    | Note
-------+----------+-------------------------------------------
     0 | D:1      | Bnni the Formicid Fighter began the quest for the Orb.
     0 | D:1      | Reached XP level 1. HP: 18/18 MP: 1/1
     6 | D:1      | Found Celeqo's Antique Weapon Shoppe.
    62 | D:1      | Found Cuogylas's Antique Armour Boutique.
    88 | D:1      | Found Ciuniuxa's Antique Armour Emporium.
   179 | D:1      | Found Ynoxunk's Book Shoppe.
   337 | D:1      | Reached XP level 2. HP: 24/24 MP: 2/2
   953 | D:1      | Reached XP level 3. HP: 16/29 MP: 3/3
  1020 | D:1      | Reached skill level 3 in Polearms
  1020 | D:1      | Reached XP level 4. HP: 6/37 MP: 4/4
  1150 | D:2      | Noticed Terence
  1165 | D:2      | Killed Terence
  1236 | D:2      | Found an opulent altar of Gozag.
  1305 | D:2      | Reached XP level 5. HP: 39/42 MP: 5/5
  1746 | D:2      | Found a runed translucent door.
  1747 | D:2      | Noticed Crazy Yiuf
  1757 | D:2      | Killed Crazy Yiuf
  1758 | D:2      | Reached skill level 4 in Polearms
  1758 | D:2      | Reached skill level 5 in Shields
  2238 | D:3      | Found a radiant altar of Vehumet.
  2327 | D:3      | Reached XP level 6. HP: 20/49 MP: 6/6
  2532 | D:3      | Reached skill level 5 in Polearms
  3083 | D:4      | Noticed Menkaure
  3096 | D:4      | Killed Menkaure
  3097 | D:4      | Reached skill level 5 in Fighting
  3097 | D:4      | Reached XP level 7. HP: 49/56 MP: 7/7
  3103 | D:4      | Found a blossoming altar of Fedhas.
  3132 | D:4      | Reached skill level 6 in Polearms
  3224 | D:4      | Found an iron altar of Okawaru.
  4233 | D:4      | Reached XP level 8. HP: 53/64 MP: 8/8
  4504 | D:5      | Entered Level 5 of the Dungeon
  4643 | D:5      | Reached skill level 7 in Polearms
  5106 | D:5      | Reached skill level 8 in Polearms
  5385 | D:5      | Identified the ring "Cimi" {rPois Str-3 Int+7 Dex+6}
  5504 | D:6      | Identified the +10 flail of the Demagogue {venom, Int+3}
  5509 | D:6      | Noticed a wraith
  5528 | D:5      | Killed a wraith
  5535 | D:6      | Reached XP level 9. HP: 42/72 MP: 9/9
  5667 | D:6      | Reached skill level 9 in Polearms
  5690 | D:6      | Noticed a kobold demonologist
  5703 | D:6      | Killed a kobold demonologist
  5931 | D:6      | Reached skill level 10 in Polearms
  6118 | D:6      | Found a basalt altar of Yredelemnul.
  6123 | D:6      | Became a worshipper of Yredelemnul the Dark
  6361 | D:6      | Reached * piety under Yredelemnul
  6631 | D:7      | Found a staircase to the Ecumenical Temple.
  6719 | D:7      | Reached XP level 10. HP: 82/82 MP: 10/10
  6873 | D:7      | Noticed Duvessa
  6875 | D:7      | Reached skill level 11 in Polearms
  6882 | D:7      | Noticed Dowan
  6888 | D:7      | Killed Duvessa
  6894 | D:7      | Killed Dowan
  7130 | D:8      | Noticed Maurice
  7153 | D:8      | Killed Maurice
  7165 | D:8      | Your ally Maurice died
  7222 | D:8      | Found an ornate altar of the Wu Jian Council.
  7325 | D:8      | Found a staircase to the Lair.
  7325 | D:8      | Noticed an elephant
  7341 | D:8      | Killed an elephant
  7342 | D:8      | Reached skill level 12 in Polearms
  7342 | D:8      | Reached skill level 1 in Invocations
  7390 | D:8      | Noticed Grum
  7397 | D:8      | Killed Grum
  7398 | D:8      | Reached skill level 10 in Fighting
  7400 | D:8      | Your ally Grum died
  7935 | D:9      | Reached XP level 11. HP: 87/90 MP: 13/13
  8244 | D:9      | Reached ** piety under Yredelemnul
  8264 | D:9      | Noticed a centaur warrior
  8279 | D:9      | Killed a centaur warrior
  8280 | D:9      | Reached skill level 13 in Polearms
  8388 | D:9      | Reached *** piety under Yredelemnul
  8485 | D:9      | Reached **** piety under Yredelemnul
  8774 | D:9      | Reached ***** piety under Yredelemnul
  8775 | D:9      | Reached skill level 5 in Invocations
  8806 | D:9      | Found a staircase to the Orcish Mines.
  8993 | D:10     | Entered Level 10 of the Dungeon
  9100 | D:10     | Noticed a two-headed ogre
  9106 | D:10     | Killed a two-headed ogre
  9154 | D:10     | Found a broken altar of Ashenzari.
  9576 | D:11     | Noticed a boulder beetle
  9586 | D:11     | Noticed a boulder beetle
  9594 | D:11     | Killed a boulder beetle
  9595 | D:11     | Reached skill level 14 in Polearms
  9609 | D:11     | Killed a boulder beetle
  9610 | D:11     | Reached XP level 12. HP: 72/100 MP: 16/16
 10113 | D:11     | Noticed a two-headed ogre
 10120 | D:11     | Killed a two-headed ogre
 10302 | D:12     | Noticed Kirke
 10317 | D:12     | Killed Kirke
 10318 | D:12     | Reached skill level 15 in Polearms
 10387 | D:12     | You fall into a shaft and drop 2 floors!
 10769 | D:12     | Noticed Nessos
 10780 | D:12     | Killed Nessos
 11015 | D:12     | Found the +7 staff of the Meek {protect, meekguard}
 11267 | D:13     | Noticed a two-headed ogre
 11275 | D:13     | Killed a two-headed ogre
 11282 | D:13     | Reached XP level 13. HP: 91/109 MP: 19/19
 11288 | D:13     | Noticed Rupert
 11303 | D:13     | Killed Rupert
 11384 | D:13     | Noticed a catoblepas
 11393 | D:13     | Killed a catoblepas
 11508 | D:13     | Reached skill level 16 in Polearms
 11569 | D:13     | Noticed a centaur warrior
 11578 | D:13     | Killed a centaur warrior
 12018 | D:14     | Noticed a vault guard
 12019 | D:14     | Noticed a centaur warrior
 12019 | D:14     | Noticed a vault guard
 12021 | D:14     | Noticed a vault guard
 12025 | D:14     | Reached skill level 10 in Invocations
 12026 | D:14     | Killed a vault guard
 12029 | D:14     | Noticed a centaur warrior
 12038 | D:14     | Killed a centaur warrior
 12040 | D:14     | Noticed Frances
 12040 | D:14     | Killed a vault guard
 12117 | D:14     | Noticed a rakshasa
 12117 | D:14     | Noticed a five-headed hydra
 12119 | D:14     | Noticed an eight-headed hydra
 12125 | D:14     | Noticed a centaur warrior
 12311 | D:14     | Killed a centaur warrior
 12313 | D:14     | HP: 4/106 [Frances/shard of ice (39)]
 12314 | D:14     | Noticed a five-headed hydra
 12329 | D:14     | Killed from afar by Frances

Illustrated notes

Levels and vault maps discovered:
D:1:      spicycebolla_arrival_xxxplode, layout_basic, serial_shops,
          nicolae_shop_hallway_stairs, nicolae_lakefront_shop, shop,
          shop_statue, minmay_misc_feat_x, kennysheep_doodads
D:2:      layout_basic, basic_altar, grunt_ministairs_15, uniq_terence,
          uniq_crazy_yiuf_cottage
D:3:      kennysheep_big_flooded_room, layout_loops_ring, vehumet_crystals,
          roderic_batcave
D:4:      layout_basic, mainiacjoe_overflow_small_starburst,
          overflow_temple_1_default, uniq_menkaure
D:5:      layout_basic
D:6:      hangedman_cross_stitches, layout_cave_pools,
          mainiacjoe_overflow_alcove_2
D:7:      layout_basic, minmay_temple_entry_slanted, chequers_mini_garden,
          chequers_garden, minmay_misc_feat_rows, uniq_duvessa
D:8:      layout_basic, nicolae_wu_jian_glorious_leap, david_lair_generic,
          minmay_misc_feat_four_crosses, amethyst_killhole,
          hangedman_abyss_or_decor_stabs, uniq_grum, uniq_maurice
D:9:      kennysheep_blocky_hall, layout_loops_ring, hiddenorc1_lemuel,
          minmay_tree_intersection
D:10:     layout_cross, ashenzari_conservatory_becter, roderic_cross_of_infinity
D:11:     layout_roguey, onia_ninara_cookie
D:12:     layout_gridville, nicolae_titane, uniq_kirke, uniq_nessos
D:13:     layout_basic, uniq_rupert
D:14:     layout_loops_cross, lightli_vaults_fourway_checkpoint,
          serial_aquarium, aquarium_bridge_square [aquarium_subvault_bridge,
          aquarium_subvault_bridge, aquarium_subvault_wall,
          aquarium_subvault_bridge], aquarium_bridge_square
          [aquarium_subvault_wall, aquarium_subvault_wall,
          aquarium_subvault_window, aquarium_subvault_bridge],
          aquarium_window_fake, aquarium_window_1, aquarium_window_2,
          aquarium_window_corridor_1, aquarium_view_2e, uniq_frances

Skill      XL: |  1  2  3  4  5  6  7  8  9 10 11 12 13 |
---------------+----------------------------------------+-----
Polearms       | 3 4 5 6 8 10 12 14 15 16 | 16.8
Fighting       | 4 5 7 8 10 11 12 13 | 13.4
Shields        | 5 6 |  6.7
Invocations    | 3 6 8 10 | 10.5
Armour         | |  3.2

Action                   |  1- 3 |  4- 6 |  7- 9 | 10-12 | 13-15 || total
-------------------------+-------+-------+-------+-------+-------++-------
Melee: Trident           |    60 |   155 |    58 |       |       ||   273
       Halberd           |       |       |   206 |   435 |   150 ||   791
       Quarterstaff      |       |       |       |    23 |     7 ||    30
Throw: Dart              |       |       |       |    13 |     3 ||    16
       Throwing net      |       |       |       |       |     2 ||     2
Invok: Recall Undead Har |       |       |       |     1 |     3 ||     4
       Dark Bargain      |       |       |       |     1 |     2 ||     3
       Bind Soul         |       |       |       |     1 |     1 ||     2
       Drain Life        |       |       |       |       |     1 ||     1
 Abil: Dig               |       |       |       |     3 |     5 ||     8
Evoke: Wand              |       |     5 |     3 |       |       ||     8
       Phantom mirror    |       |       |       |     1 |     2 ||     3
  Use: Potion            |     1 |       |       |     3 |     5 ||     9
       Scroll            |       |     5 |     2 |     8 |     2 ||    17
 Stab: Distracted        |       |       |     1 |     7 |     2 ||    10
Armor: Scale mail        |    25 |    51 |    23 |       |       ||    99
       Fire dragon scale |       |       |    71 |       |       ||    71
       Plate armour      |       |       |     1 |   171 |    71 ||   243
Dodge: Dodged            |    24 |    55 |    88 |    76 |    25 ||   268
Block: Buckler           |    10 |    33 |    56 |    79 |    44 ||   222

Table legend: (Time is in decaauts)
 A = Elapsed time spent in this place.
 B = Non-inter-level travel time spent in this place.
 C = Inter-level travel time spent in this place.
 D = Time resting spent in this place.
 E = Time spent auto-exploring this place.
 F = Levels seen in this place.
 G = Mean time per level.
                   A        B        C        D        E       F      G
               +--------+--------+--------+--------+--------+-----+--------+
         Total |  12276 |  11824 |    452 |    348 |   9178 |  14 |  876.9 |
       Dungeon |  12276 |  11824 |    452 |    348 |   9178 |  14 |  876.9 |
               +--------+--------+--------+--------+--------+-----+--------+

Top non-repeatable levels by time:
     D:4: 1429 daAuts
     D:1: 1148 daAuts
     D:9: 1123 daAuts
     D:2: 1045 daAuts
     D:5: 1024 daAuts
     D:6: 962 daAuts
     D:3: 921 daAuts
    D:12: 892 daAuts
     D:8: 782 daAuts
    D:11: 702 daAuts
    D:13: 646 daAuts
     D:7: 592 daAuts
    D:14: 518 daAuts
    D:10: 487 daAuts
